Cogmind - Beta 12 @@@ ROGUE MODE // 2023.09.25 @ 12:01:49 Player: Delioz Result: Destroyed by G-47 Trooper with Particle Gun Performance ------------- Evolutions (3) 1500 Regions Visited (5) 1000 Robots Destroyed (81) 405 Value Destroyed (2300) 2300 Prototype IDs (2) 40 Alien Tech Used (0) 0 Bonus (-138) -138 TOTAL SCORE: 5107 Bonus ------- High Alert Combat Kills 70 Friendly Fire -208 Cogmind --------- Core Integrity 0/700 Matter 71/300 Energy 100/100 System Corruption 0% Temperature Cool (11) Movement Core (50) Location -7/Factory Parts ------- > --- POWER (1) -------- (None) > --- PROPULSION (3) --- Cooled VTOL Module > --- UTILITY (6) ------ Coolant Injector Machine Analyzer Advanced Terrain Scan Processor Corruption Screen > --- WEAPON (3) ------- Katana > --- INVENTORY (5) ---- Improved Carbon-fiber Leg Improved Titanium Leg Gatling Laser Peak State ------------ > --- POWER ------------ Nuclear Core > --- PROPULSION ------- VTOL Module VTOL Module Cooled VTOL Module > --- UTILITY ---------- Coolant Injector Machine Analyzer Advanced Terrain Scan Processor Improved Targeting Computer Corruption Screen System Restoration Module > --- WEAPON ----------- Plasma Cutter Spear > --- INVENTORY -------- Improved Carbon-fiber Leg Improved Titanium Leg Lightning Gun Gatling Laser Katana [Rating: 40] Favorites ----------- Power Ion Engine Engine Ion Engine Power Core Nuclear Core Propulsion Light Treads Treads Light Treads Leg Titanium Leg Flight Unit Improved Flight Unit Utility Medium Storage Unit Device Improved Sensor Array Storage Medium Storage Unit Processor Improved Targeting Computer Hackware System Shield Protection Hardened Medium Armor Plating Weapon Light Assault Rifle Energy Gun Shock Rifle Energy Cannon Light EM Pulse Cannon Ballistic Gun Light Assault Rifle Ballistic Cannon Gauss Cannon Launcher Mini Grenade Launcher Special Weapon Plasma Cutter Impact Weapon Maul Slashing Weapon Katana Piercing Weapon Spear Special Melee Weapon Improved Datajack Build | -11 -10 -9 -9 -8 -7 ------- Run | Jun Mat Mat Sto Mat Fac Slots Evolved 6 | . . 2 . 2 2 Power . | . . . . . . Propulsion 1 | . . . . . 1 Utility 4 | . . 1 . 2 1 Weapon 1 | . . 1 . . . Parts Attached 113 | 6 5 10 14 41 37 Power 10 | 1 . . 1 4 4 Engine 7 | 1 . . 1 2 3 Core 3 | . . . . 2 1 Reactor . | . . . . . . Propulsion 25 | 2 2 2 1 7 11 Treads 7 | . 2 2 1 1 1 Leg 9 | 2 . . . 4 3 Wheel . | . . . . . . Hover . | . . . . . . Flight 9 | . . . . 2 7 Utility 33 | 1 3 3 5 12 9 Device 14 | . . . 3 6 5 Storage 8 | 1 3 2 . 2 . Processor 4 | . . . . 1 3 Hackware 1 | . . . . 1 . Protection 6 | . . 1 2 2 1 Artifact . | . . . . . . Weapon 45 | 2 . 5 7 18 13 Energy Gun 4 | . . 1 . 3 . Energy Cannon 3 | . . . . 1 2 Ballistic Gun 9 | 2 . 3 2 1 1 Ballistic Cannon 2 | . . . . . 2 Launcher 10 | . . . 3 6 1 Special Weapon 1 | . . . . . 1 Impact Weapon 9 | . . 1 2 4 2 Slashing Weapon 1 | . . . . . 1 Piercing Weapon 1 | . . . . . 1 Special Melee Weapon 5 | . . . . 3 2 Unidentified Prototypes 2 | . . . . 1 1 Parts Lost 46 | . . 3 4 13 26 Power 5 | . . . 1 1 3 Propulsion 14 | . . 2 . 3 9 Utility 11 | . . . 1 4 6 Weapon 16 | . . 1 2 5 8 Highest Loss Streak 9 | . . 1 3 7 9 To Critical Strikes . | . . . . . . Average Slot Usage (%) 82 | . 88 90 91 77 75 Engine 5 | . 14 11 4 1 3 Core 1 | . . . . 4 1 Treads 10 | . 20 18 22 5 . Leg 4 | . 7 . . 4 9 Flight 2 | . . . . 3 6 Device 8 | . . . 4 10 14 Storage 13 | . 16 22 22 16 . Processor 3 | . . . . 1 9 Hackware 1 | . . . . 1 3 Protection 5 | . . 7 6 4 6 Energy Gun 2 | . . 5 . 5 . Energy Cannon 2 | . . . . . 6 Ballistic Gun 10 | . 28 23 15 2 . Launcher 4 | . . . 9 9 1 Impact Weapon 2 | . . . 6 2 1 Special Melee Weapon 1 | . . . . 3 3 Naked Turns . | . . . . . . Heaviest Build 42 | 12 17 30 32 42 41 Greatest Support 56 | 20 40 40 40 40 56 Greatest Overweight (x) 4 | 3 . 1 . 4 3 Average Overweight (x) . | . . . . . . Largest Inventory Capacity 25 | 8 25 10 10 10 5 Average Capacity 7 | 7 8 9 10 8 5 Most Carried 10 | 2 8 10 10 10 5 Average Carried 6 | . 4 8 9 7 4 Final Capacity 10 | 8 8 10 10 5 5 Final Carried 10 | . 8 10 9 5 3 Class Distribution -------------------- 77% | Mutant 8% | Gunner 7% | Tank 3% | Scavenger-Tank Dominant Class ---------------- Mutant | -10/Materials Mutant | -9/Materials Mutant | -9/Storage Mutant | -8/Materials Mutant | -7/Factory Resources | -11 -10 -9 -9 -8 -7 ----------- Run | Jun Mat Mat Sto Mat Fac Matter Collected 1727 | 260 206 228 212 564 257 Remotely 136 | . . . . 136 . Salvage Created 2348 | . 219 536 379 810 404 Parts 137 | . 19 24 33 45 16 Haulers Intercepted . | . . . . . . Recyclers Shooed 5 | . . 1 2 2 . Parts Field Recycled 9 | . . . . . 9 Retrieved Matter 131 | . . . . . 131 Parts Self-Destructed . | . . . . . . Prevented . | . . . . . . Kills | -11 -10 -9 -9 -8 -7 ------- Run | Jun Mat Mat Sto Mat Fac Combat Hostiles Destroyed 56 | . 10 11 9 17 9 Guns 22 | . 10 9 2 1 . Cannons 6 | . . . . . 6 AOE 24 | . . . 6 15 3 Classes Destroyed 13 | . 2 2 5 3 1 Worker 10 | . . . 3 5 2 Builder 4 | . . . . 4 . Tunneler 1 | . . . . 1 . Recycler 6 | . . 1 1 3 1 Mechanic 1 | . . . 1 . . Operator 1 | . . . 1 . . Drone 1 | . . . 1 . . Watcher 2 | . . . 1 1 . Swarmer 15 | . 6 3 . 2 4 Grunt 24 | . 4 4 5 10 1 Brawler 1 | . . . . 1 . Sentry 14 | . . 4 4 4 2 Programmer 2 | . . . . . 2 Best Kill Streak 9 | . 4 4 9 7 3 Combat Bots Only 4 | . 4 4 3 4 3 Max Kills in Single Turn 3 | . 2 2 3 3 2 Gunslinging 1 | . 1 1 . . . Exploded 3 | . . . 2 3 2 Melee . | . . . . . . Uniques/NPCs Destroyed . | . . . . . . Combat | -11 -10 -9 -9 -8 -7 -------- Run | Jun Mat Mat Sto Mat Fac Damage Taken 6825 | . 355 605 832 1816 3217 Core 1495 | . 68 66 127 527 707 Absorbed by Shields 149 | . . . . . 149 Core Remaining (%) 56 | 100 72 . 51 4 . Volleys Fired 143 | . 25 34 24 38 22 Largest 3 | . 2 3 3 3 3 Hottest 184 | . 40 90 83 116 184 Shots Fired 282 | . 50 93 45 58 36 Gun 195 | . 50 93 25 27 . Cannon 29 | . . . . 1 28 Launcher 58 | . . . 20 30 8 Special . | . . . . . . Kinetic 165 | . 50 75 25 5 10 Thermal 28 | . . 18 . . 10 Explosive 58 | . . . 20 30 8 Electromagnetic 31 | . . . . 23 8 Robot Hit Streak 16 | . 8 11 16 8 12 Robot Miss Streak 4 | . 4 4 2 3 2 Penetration Max . | . . . . . . Secondary Targets 3 | . 1 2 . . . Max Gunslinging Chain 1 | . 1 1 . . . Shots Hit Robots 204 | . 27 66 26 51 34 Core Hits 132 | . 17 21 30 48 16 Critical Kills 1 | . . 1 . . . Critical Parts Destroyed 12 | . 1 3 1 6 1 Critical Strikes 20 | . 1 7 1 8 3 Burn 3 | . . 3 . . . Destroy 2 | . 1 1 . . . Blast 1 | . . . . . 1 Corrupt 2 | . . . . 1 1 Smash 12 | . . 3 1 7 1 Melee Attacks 50 | . . 3 12 21 14 Impact 34 | . . 3 12 16 3 Slashing . | . . . . . . Piercing 1 | . . . . . 1 Sneak Attacks 18 | . . . 1 6 11 Combat Hostiles . | . . . . . . Follow-up Attacks 3 | . . . . 3 . Damage Inflicted 6239 | . 232 721 1454 2805 1027 Guns 1310 | . 232 621 142 315 . Cannons 462 | . . . . . 462 Explosions 3391 | . . . 1122 1891 378 Melee 1076 | . . 100 190 599 187 Ramming . | . . . . . . Kinetic 1028 | . 232 445 142 59 150 Thermal 410 | . . 176 . 51 183 Explosive 3340 | . . . 1122 1840 378 Electromagnetic 385 | . . . . 256 129 Impact 1033 | . . 100 190 599 144 Slashing . | . . . . . . Piercing 43 | . . . . . 43 Highest Corruption 2 | . . . 2 . 1 Average Corruption 1 | . . . 1 . 1 Corruption Purged 1 | . . . . . 1 Corruption Blocked . | . . . . . . Effects 17 | . . . 12 . 5 Message Errors 5 | . . . 4 . 1 Matter Fused 5 | . . . 4 . 1 Heat Flow Errors 1 | . . . 1 . . Energy Discharges 2 | . . . 2 . . Data Loss (minor) 2 | . . . 1 . 1 Alerts 2 | . . . . . 2 Overload Shots . | . . . . . . Overflow Damage 658 | . . 100 51 421 86 Projectiles . | . . . . . . Explosions 149 | . . . 16 101 32 Melee 509 | . . 100 35 320 54 Knockbacks 6 | . . 1 1 4 . Impact 6 | . . 1 1 4 . Kinetic . | . . . . . . Secondary . | . . . . . . Self-Inflicted Damage 584 | . . . 64 445 75 Shots 21 | . . . 6 12 3 Rammed 1 | . . 1 . . . Targets Rammed 1 | . . 1 . . . Kicked . | . . . . . . Crushed . | . . . . . . Highest Temperature 306 | . 24 306 216 153 297 Average Temperature 92 | . 10 109 46 46 130 Received Heat Transfer 1639 | . 66 234 246 432 661 Effects 6 | . . 4 . . 2 Interference 6 | . . 4 . . 2 Siege Activations . | . . . . . . Robots Corrupted . | . . . . . . Combat Hostiles . | . . . . . . Parts Fried 11 | . . 1 1 7 2 Impact Corruptions 19 | . . 3 1 13 2 Robots Melted . | . . . . . . Combat Hostiles . | . . . . . . Parts Melted 1 | . . . . . 1 Heat Transferred 1190 | . . 740 . 100 350 Parts Sabotaged . | . . . . . . Parts Stolen . | . . . . . . Parts Stripped . | . . . . . . Power Chain Reactions 1 | . . . . 1 . Missiles Intercepted . | . . . . . . Alert | -11 -10 -9 -9 -8 -7 ------- Run | Jun Mat Mat Sto Mat Fac Peak Influence 700 | . 245 354 388 700 522 Initial 254 | . . 103 111 152 254 Average 269 | . 107 226 201 397 289 Maximum Alert Level 3 | . 1 1 1 3 2 Low Security (%) 29 | 100 77 28 55 4 17 Level 1 58 | . 22 71 44 57 74 Level 2 11 | . . . . 36 7 Level 3 . | . . . . 1 . Level 4 . | . . . . . . Level 5 . | . . . . . . High Security . | . . . . . . Max Security . | . . . . . . Squads Dispatched 12 | . 1 1 . 4 6 Investigation 1 | . 1 . . . . Extermination 2 | . . . . . 2 Reinforcement 6 | . . 1 . 4 1 Assault . | . . . . . . Garrison 3 | . . . . . 3 Intercept . | . . . . . . Searches Triggered . | . . . . . . Construction Impeded 2 | . . . . 2 . Haulers Reinforced . | . . . . . . Active Scanning Responses . | . . . . . . Cargo Convoy Interrupts . | . . . . . . Stealth | -11 -10 -9 -9 -8 -7 --------- Run | Jun Mat Mat Sto Mat Fac Distress Signals 12 | . 1 4 2 2 3 Communications Jammed . | . . . . . . Distress Signals . | . . . . . . Times Spotted 122 | . 12 15 14 30 51 Peak Tracking Total 16 | . 5 5 6 11 16 Tactical Retreats 13 | . . 2 . 2 9 Traps | -11 -10 -9 -9 -8 -7 ------- Run | Jun Mat Mat Sto Mat Fac Traps Triggered 7 | . 1 . 3 . 3 Indirectly . | . . . . . . Trap Hack Attempts 9 | . . . . . 9 Triggered . | . . . . . . Disarmed . | . . . . . . Reprogrammed 1 | . . . . . 1 Reused 1 | . . . . . 1 Traps Extracted . | . . . . . . Installed . | . . . . . . Triggered 1 | . . . . . 1 Machines | -11 -10 -9 -9 -8 -7 ---------- Run | Jun Mat Mat Sto Mat Fac Machines Disabled 16 | . . 1 6 5 4 Max in Single Turn 2 | . . 1 1 1 2 Machines Repaired . | . . . . . . Machines Sabotaged . | . . . . . . Overloaded Fab Kills . | . . . . . . Hacking | -11 -10 -9 -9 -8 -7 --------- Run | Jun Mat Mat Sto Mat Fac Machines Accessed 22 | . 1 1 6 7 7 Terminals 18 | . 1 1 6 6 4 Fabricators 1 | . . . . . 1 Repair Stations 1 | . . . . . 1 Recycling Units . | . . . . . . Scanalyzers 1 | . . . . 1 . Garrison Access 1 | . . . . . 1 Total Hacks 58 | . 2 2 18 24 12 Successful 42 | . 1 2 13 18 8 Failed 15 | . 1 . 5 5 4 Catastrophic 1 | . . . 1 . . Database Lockouts 1 | . . . . 1 . Manual 2 | . . . . . 2 Terminals 49 | . 2 2 18 20 7 Fabricators 2 | . . . . . 2 Repair Stations 2 | . . . . . 2 Recycling Units . | . . . . . . Scanalyzers 4 | . . . . 4 . Garrison Access 1 | . . . . . 1 Terminal Hacks 36 | . 1 2 13 14 6 Record 20 | . 1 2 5 9 3 Part Schematic 2 | . . . 2 . . Open Door 2 | . . . 2 . . Open DSF 2 | . . . . . 2 Emergency Access Points 1 | . . . . 1 . Alert Level 2 | . . . 1 1 . Locate Traps 1 | . . . . 1 . Dispatch Records 1 | . . . 1 . . Maintenance Status 1 | . . . . 1 . Investigation Status 1 | . . . 1 . . Hauler Manifests 1 | . . . . . 1 Zone Layout 2 | . . . 1 1 . Fabricator Hacks 1 | . . . . . 1 Network Status 1 | . . . . . 1 Repair Station Hacks 1 | . . . . . 1 Scan Component 1 | . . . . . 1 Recycling Unit Hacks . | . . . . . . Scanalyzer 4 | . . . . 4 . Insert Component 2 | . . . . 2 . Analyze 2 | . . . . 2 . Garrison Access Hacks . | . . . . . . Unauthorized Hacks . | . . . . . . Terminals . | . . . . . . Fabricators . | . . . . . . Repair Stations . | . . . . . . Recycling Units . | . . . . . . Scanalyzers . | . . . . . . Garrison Access . | . . . . . . Data Cores Recovered 1 | . . . 1 . . Used . | . . . . . . Hacking Detections 12 | . 1 1 4 3 3 Full Trace Events . | . . . . . . Feedback Events . | . . . . . . Feedback Blocked . | . . . . . . Robot Schematics Acquired . | . . . . . . Robots Built . | . . . . . . Authchips . | . . . . . . Time . | . . . . . . Total Robot Build Rating . | . . . . . . Part Schematics Acquired 4 | . . . 2 2 . Parts Built . | . . . . . . Authchips . | . . . . . . Time . | . . . . . . Total Part Build Rating . | . . . . . . Parts Repaired . | . . . . . . Time . | . . . . . . Parts Recycled . | . . . . . . Recycled Matter . | . . . . . . Retrieved Matter . | . . . . . . Retrieved Components . | . . . . . . Parts Scanalyzed 2 | . . . . 2 . Part Schematics Acquired 2 | . . . . 2 . Parts Damaged . | . . . . . . Bothacking | -11 -10 -9 -9 -8 -7 ------------ Run | Jun Mat Mat Sto Mat Fac Used RIF Installer . | . . . . . . Robots Hacked 10 | . . . . 3 7 Non-combat 10 | . . . . 3 7 Combat . | . . . . . . Robot Hacks Applied 15 | . . . . 5 10 parse_system 6 | . . . . 2 4 no_distress 5 | . . . . 3 2 find_chute 3 | . . . . . 3 find_recycling 1 | . . . . . 1 Relay Couplers Released . | . . . . . . Fabnet Peak Effective % . | . . . . . . Robots Rewired . | . . . . . . Allies Hacked . | . . . . . . Hacks Repelled . | . . . . . . Allies | -11 -10 -9 -9 -8 -7 -------- Run | Jun Mat Mat Sto Mat Fac Total Allies . | . . . . . . Largest Group . | . . . . . . Highest-Rated Group . | . . . . . . Highest-Rated Ally . | . . . . . . Total Orders 11 | . . . 7 4 . ROAM 2 | . . . 2 . . EXPLORE 9 | . . . 5 4 . Ally Attacks . | . . . . . . Total Damage . | . . . . . . Kills . | . . . . . . Allies Corrupted . | . . . . . . Allies Melted . | . . . . . . Intel | -11 -10 -9 -9 -8 -7 ------- Run | Jun Mat Mat Sto Mat Fac Robot Analysis Total . | . . . . . . Derelict Logs Recovered . | . . . . . . Drone Launches 17 | . . . 13 4 . Drone Recoveries 12 | . . . 9 3 . Exploration | -11 -10 -9 -9 -8 -7 ------------- Run | Jun Mat Mat Sto Mat Fac Turns Passed 3591 | 50 353 586 590 867 1145 Spaces Moved 2271 | 30 184 248 257 443 1109 Core 23 | 12 . . . . 11 Treads 793 | . 115 248 257 128 45 Legs 585 | 18 69 . . 121 377 Wheels . | . . . . . . Hover . | . . . . . . Flight 870 | . . . . 194 676 Fastest Speed 29 | 50 120 160 160 40 29 Average Speed 120 | 125 145 177 160 144 83 Slowest Speed 320 | 200 160 240 160 320 280 Overloaded Moves . | . . . . . . Propulsion Burnouts . | . . . . . . Robots Hopped . | . . . . . . Cave-ins Triggered . | . . . . . . Exploration Rate (%) 34 | 3 38 18 56 51 41 Regions Visited 5 Branch Regions 1 Pre-discovered Areas . | . . . . . . Known Exits Taken . | . . . . . . Unknown Exits Taken 5 | 1 1 1 1 1 . Scrap Searched . | . . . . . . Spaces Dug 67 | . . . 23 28 16 Terrain Destroyed 435 | . . . 130 235 70 Melee . | . . . . . . Projectile 3 | . . . . . 3 AOE 432 | . . . 130 235 67 Terrain Rammed . | . . . . . . Walls Destroyed . | . . . . . . Machines Disabled . | . . . . . . Actions | -11 -10 -9 -9 -8 -7 --------- Run | Jun Mat Mat Sto Mat Fac Total 2842 | 43 231 325 372 588 1283 Wait 111 | . 2 18 38 12 41 Move 2266 | 29 183 247 256 442 1109 Hop . | . . . . . . Pick Up 82 | 7 11 10 15 23 16 Fast Attach 21 | . . . 1 6 14 Attach 59 | 6 2 7 6 20 18 Detach 10 | . 2 . . 1 7 Swap 33 | . 3 3 7 15 5 Drop 42 | 1 3 2 13 13 10 Fire 143 | . 25 34 24 38 22 Melee 47 | . . 3 12 18 14 Ram . | . . . . . . Kick . | . . . . . . Crush 1 | . . 1 . . . Escape Stasis 18 | . . . . . 18 Rewire . | . . . . . . Trap 9 | . . . . . 9 Miscellaneous . | . . . . . . Route ------- -11/Junkyard -10/Materials -9/Materials -9/Storage -8/Materials -7/Factory History --------- Turn | Location | Event 22 | -11/Junkyard | Discovered new exit (range 14) 51 | -11/Junkyard | Entered Materials 295 | -10/Materials | Discovered new exit (range 16) 303 | -10/Materials | Build established: Mutant 404 | -10/Materials | Entered another Materials area 404 | -9/Materials | Evolved 2 slots: Utility x1, Weapon x1 411 | -9/Materials | Discovered new exit (range 10) 990 | -9/Materials | Entered Storage 1566 | -9/Storage | Discovered new exit (range 8) 1580 | -9/Storage | Entered Materials 1580 | -8/Materials | Evolved 2 slots: Utility x2 1605 | -8/Materials | Lost 3 parts (1p1u1w) 1988 | -8/Materials | Lost 5 parts (1n3u1w) 2241 | -8/Materials | Core integrity fell below 50% 2255 | -8/Materials | Core integrity fell below 20% 2282 | -8/Materials | Lost 7 parts (1p1n1u4w) 2384 | -8/Materials | Discovered new exit (range 17) 2416 | -8/Materials | Central database locked down 2447 | -8/Materials | Entered Factory 2447 | -7/Factory | Evolved 2 slots: Propulsion x1, Utility x1 3081 | -7/Factory | Lost 7 parts (1p2n2u2w) 3246 | -7/Factory | Core integrity fell below 50% 3305 | -7/Factory | Lost 9 parts (1p3n2u3w) 3533 | -7/Factory | Lost 5 parts (2n1u2w) 3590 | -7/Factory | Core integrity fell below 20% 3592 | -7/Factory | Destroyed by G-47 Trooper with Particle Gun Last Messages --------------- 03502_ Field strength at 53. 03502_ Spear destroyed. 03503_ Slug penetrates Wall. 03504_ System corrupted: Component data lost. 03505_ Stasis field depleted. 03508_ System Restoration Module purges 1% system corruption (0%). 03508_ System Restoration Module expended. 03527_ K-01 Serf cleans the Neutrino Reactor. 03553_ Penetrated by Slug. 03556_ Slug penetrates Wall. 03557_ K-01 Serf cleans the Matter Pump. 03559_ Penetrated by Slug. 03566_ W-25 Informer sends out distress signal. 03568_ U-05 Engineer builds a Door. 03574_ K-01 Serf cleans the Fusion Modulator. 03583_ W-25 Informer sends out distress signal. 03585_ Slug penetrates Wall. 03586_ Penetrated by Slug. 03586_ Nuclear Core destroyed. 03586_ Imp. Carbon-fiber Leg destroyed. Map ----- +----------------------------------------------------+ | ??????????""""?""""??????????????????????????????? | | ??????????""""?""""??????????????????????????????? | | ?????????????????????????????????????????????????? | | ??????????""""???????????????????????????????????? | | ??????????""""???????????????????????????????????? | | ???""""???"""?????????????????????????????? | | ???""""????T"?????????????????????????????? | | ??????????"""?????????????????????????????? | | ???????????????????????????????????????????? | | ?????????################??????????????????? | | #####??????????# #??????????????????? | | ???????????????# ! #??????????????????? | | ???????????????# #??????????????????? | | ???????????????# # ???###########???? | | ???????????????# # ???# #???? | | ???????????????# [ # ???# """""" #???? | | ???????????##########+#/####### #??#= """""" #???? | | ???????????# ## g #?### #### """""" ##### | | ???????????#= ##hg #?# ## """""" # | | ???????????# ## gg #?# ## [ # | | ???????????# """ ## hg #?# ########+### | | ???????????#= """ ##gg ### #?????# | | ???????????# """ ## bg #?????# | | ???????????# ## g #?????# """"" | | ???????????# # g #?????# """"" | | ##???????########"## @k""" ####### """ | | #???????# ^ w """ u !%* ] | | #????#### """ = | | #????# Y ##### | | #????# ####### ]! ####" #+###???#+ | | ###### #?????# ]! #??#"T# ??? | | #?????# ! ########??#### / | | ########?????# ^ #????????????# | | #????????????# #????????????#! ! | | #????????????# #????????????# | | #????????????# #????????????# | | ############## """ ##???????????# ! | | # / """ / ?????????# | | # ""#### """ # ??????# | | # ""#??# #?####??????########## | | # """ T"#??# """ #????????????????????? | | / """ ""#??# """ #????T???"""?"""?"""?? | | # """ ""#??# """ #### """?"""?"""?? | | # #??# / """?"""?"""?? | | # #??# """ #### ?????? | | ####+######??# """ #????????? ?????? | | #### ######### """ #????????????????????? | | #????????????????????? | | ##+##### """ ###################### | | # ??# """ | +----------------------------------------------------+ Best States ------------- Heat Dissipation 34 Coolant Potential 65 Energy Generation 16 Energy Capacity 290 Matter Stores 450 Matter Capacity 450 Sight Range 16 Robot Scan Range 15 Terrain Scan Range 16 Terrain Scan Density 210 ECM Strength 2 Additional Mass Support 9 Corruption Block 8 Armor Coverage 450 Evasion (%) 64 Targeting Accuracy 6 Recoil Reduction 2 Defensive Hacking 10 Item Schematics ----------------- Deuterium Engine | -9/Storage | Hacked Recoil Stabilizer | -9/Storage | Hacked Huge Storage Unit | -8/Materials | Scanalyzed Mni. Grenade Launcher | -8/Materials | Scanalyzed Robot Schematics ------------------ None Fabricated ------------ Nothing Alien Tech Used ----------------- None Achievements -------------- Backstab Close Call Hehehe Hey, That's Mine! Slippery One Use The Force Challenges ------------ None Game ------ Seed UltimateCloakingBox Manual? 0 Play Time 02:17:37 Cumulative 25.7 hours Start 2023.09.19 @ 15:33:49 End 2023.09.25 @ 12:01:49 Sessions 13 Manual Loads 0 Difficulty Rogue Special Mode None Game No. 16 Rogue 16 Adventurer 0 Explorer 0 Win Type - Total 0 Types 0/0/0/0/0/0/0/0/0 Lore% 13 Gallery% 22 Achievement% 18 Wizard Run 0 Options --------- ASCII 0 Keyboard 0 Movement Mouse Keybinds 0 Fullscreen 1 Font 18/SmallcapsGlow Map View 76x50 Tactical HUD 1 Map Filters NONE Filters NONE Steam 1 RUN: 3521a311-23a9-4586-870d-ecfae0dd1872